 Dungeon Crawl Stone Soup version 0.20-a0-259-gc929cd2 (webtiles) character file.

3241 tboon the Cleaver (level 10, -1/82 HPs)
             Began as a Formicid Fighter on Dec 2, 2016.
             Was a Follower of Okawaru.
             Splashed by a brown ugly thing's acid (8 damage)
             ... on level 7 of the Dungeon.
             The game lasted 00:24:01 (7400 turns).

tboon the Cleaver (Formicid Fighter)                Turns: 7400, Time: 00:24:02

Health: -1/82      AC:  3    Str: 27    XL:     10   Next: 18%
Magic:  10/10      EV:  7    Int:  8    God:    Okawaru [*.....]
Gold:   251        SH: 11    Dex: 13    Spells: 9/9 levels left

rFire  . . .     SeeInvis +     y - +0 battleaxe
rCold  . . .     Gourm    .     i - +0 chain mail
rNeg   + . .     Faith    .     c - +0 shield
rPois  .         Spirit   .     (helmet unavailable)
rElec  .         Reflect  .     k - +0 cloak
rCorr  .         Harm     .     p - +0 pair of gloves
MR     +....                    (no boots)
Stlth  ..........               (no amulet)
                                t - +6 ring of strength
                                s - ring of positive energy {rN+}

@: corroded, drained
A: permanent stasis, dig shafts and tunnels, four strong arms, antennae 3
a: Dig, Shaft Self, Heroism, Renounce Religion


You were on level 7 of the Dungeon.
You worshipped Okawaru.
Okawaru was aware of your devotion.
You were not hungry.

You visited 1 branch of the dungeon, and saw 7 of its levels.

You collected 347 gold pieces.
You spent 96 gold pieces at shops.

Inventory:

Hand Weapons
 a - a +2 war axe
 y - a +0 battleaxe (weapon)
   (You found it on level 6 of the Dungeon)
 A - a +2 mace of crushing
   (You took it off an orc priest on level 5 of the Dungeon)
 C - a +0 war axe
   (You took it off an orc on level 7 of the Dungeon)
Armour
 c - a +0 shield (worn)
 i - a +0 chain mail (worn)
   (You found it on level 1 of the Dungeon)
 k - a +0 cloak (worn)
   (You found it on level 1 of the Dungeon)
 p - a +0 pair of gloves (worn)
   (You found it on level 6 of the Dungeon)
Jewellery
 s - a ring of positive energy (left hand) {rN+}
   (You found it on level 3 of the Dungeon)
 t - a +6 ring of strength (right hand)
   (You found it on level 3 of the Dungeon)
Wands
 e - a wand of iceblast (7/15)
   (You found it on level 7 of the Dungeon)
Scrolls
 b - 8 scrolls of remove curse
 m - a scroll of recharging
 n - a scroll of fog
 u - a scroll of immolation {unknown}
 x - a scroll of fear {unknown}
Potions
 d - 2 potions of heal wounds {unknown}
 g - a potion of flight
 h - 5 potions of brilliance
 j - 2 potions of magic
 l - a potion of ambrosia {unknown}
 o - 2 potions of invisibility
 q - a potion of cancellation
 v - a potion of resistance
 w - 3 potions of agility
 z - a potion of curing {unknown}
Comestibles
 f - 4 bread rations
 r - 4 meat rations
 B - a beef jerky
 D - 4 chunks of flesh


   Skills:
 + Level 8.8(8.6) Fighting
 * Level 11.0(10.8) Axes
 - Level 3.2(3.1) Armour
 + Level 5.4(5.2) Shields


You had 9 spell levels left.
You didn't know any spells.

Dungeon Overview and Level Annotations

Branches:
Dungeon (7/15)             Temple (0/1) D:7

Altars:
Okawaru
Vehumet
Xom
Zin

Shops:
D:4 ?


Innate Abilities, Weirdness & Mutations

You cannot be hasted, slowed, berserked, paralysed or teleported.
You can dig through walls and to a lower floor.
Your four strong arms can wield two-handed weapons with a shield.
You have a pair of large antennae on your head. (SInv)


Message History

You slash the orc priest!
You kill the orc priest!
Okawaru accepts your kill.
You closely miss the orc. The orc hits you but does no damage.
The orc priest looks braver for a moment.
You block the orc's attack.
You see here an orc corpse.
You hit the orc but do no damage.
The orc priest invokes the aid of Beogh against you.
You resist with significant effort.
An orc comes into view. It is wielding a flail.
The orc hits you. You block the orc's attack.
You block the orc priest's attack.
Things that are here:
a dagger; a robe; an orc corpse You barely miss the orc priest.
You barely miss the orc. x2
You block the orc's attack. x2
The orc priest hits you but does no damage.
You partially resist.
You feel drained.
You barely miss the orc priest. You hit the orc. You closely miss the orc.
The orc barely misses you. You block the orc priest's attack.
You block the orc's attack.
You slash the orc priest!
The orc priest is heavily wounded.
Your shield and chain mail prevent you from hitting the orc.
You hit the orc.
You kill the orc!
Okawaru accepts your kill.
The orc priest hits you but does no damage.
You partially resist.
You feel drained. The orc barely misses you.
You slash the orc priest!
You kill the orc priest!
Okawaru accepts your kill.
You closely miss the orc. The orc barely misses you.
You slash the orc!
You kill the orc!
Okawaru accepts your kill.
You see here an orc corpse.
Things that are here:
a dagger; a robe; an orc corpse
Things that are here:
a hand axe of draining; a ring mail
Things that are here:
a flail; an orc corpse You butcher the orc corpse.
D - a chunk of flesh
Things that are here:
a flail; an orc skeleton Eating a chunk of flesh.
You start eating the chunk of flesh.
This raw flesh tastes terrible.
Things that are here:
a dagger; a robe; an orc corpse You see here an orc corpse.
You butcher the orc corpse.
D - 4 chunks of flesh You see here an orc skeleton.
You start resting.
HP restored.
You see here a scale mail.
A brown ugly thing comes into view.
The brown ugly thing gurgles horribly!
You see here a bread ration.
You closely miss the brown ugly thing. The brown ugly thing claws you.
You are splashed with acid!
The acid burns!
The brown ugly thing claws you but does no damage.
You barely miss the brown ugly thing. The brown ugly thing claws you.
You are splashed with acid!
The acid burns!
You slash the brown ugly thing!
The brown ugly thing is moderately wounded.
The brown ugly thing claws you! The acid corrodes you!
You are splashed with acid!
The acid burns!
You barely miss the brown ugly thing.
The brown ugly thing is moderately wounded.
The brown ugly thing claws you. The acid corrodes you!
You are splashed with acid!
The acid burns!
You closely miss the brown ugly thing.
The brown ugly thing is moderately wounded.
You block the brown ugly thing's attack.
You slash the brown ugly thing!
The brown ugly thing is moderately wounded.
The brown ugly thing claws you.
* * * LOW HITPOINT WARNING * * *
You are splashed with acid!
The acid burns!
* * * LOW HITPOINT WARNING * * *
You barely miss the brown ugly thing.
The brown ugly thing is moderately wounded.
The brown ugly thing barely misses you.
You block the brown ugly thing's attack.
Your shield and chain mail prevent you from hitting the brown ugly thing.
The brown ugly thing is moderately wounded.
The brown ugly thing claws you but does no damage.
You slash the brown ugly thing!
The brown ugly thing is heavily wounded.
You block the brown ugly thing's attack.
You closely miss the brown ugly thing.
The brown ugly thing is heavily wounded.
The brown ugly thing claws you!
* * * LOW HITPOINT WARNING * * *
You are splashed with acid!
The acid burns!
You die...

#.# #)###
#.##(. #.#
#))รท# #.####
#.##########[#
#.#
#.##.........#
#.#
#.##.######..#
#.# #.##.# #..#
#.# ### #.##.#
#..#####.#....
#.##.#
##.............
.....#
#.....%@u......
#.####
#.#..........#.
#.#
#[#######.#....
#.# #. ...#.#
#.. #. #.# #
### .# { #


You could see a brown ugly thing.

Vanquished Creatures
  The ghost of AdamTaurus the Slasher, a novice GrCK of Xom (D:7)
  A two-headed ogre (D:3)
  A wraith (D:7)
  Sigmund (D:3)
  A wyvern (D:6)
  2 water moccasins
  An orc warrior (D:7)
  An ice beast (D:7)
  A phantom (D:4)
  A hornet zombie (D:6)
  2 ogres
  A centaur (D:6)
  A big kobold (D:7)
  2 bullfrogs (D:6)
  2 scorpions
  A howler monkey (D:5)
  A crimson imp (D:3)
  A jelly (D:5)
  A quasit (D:6)
  A gnoll shaman (D:6)
  4 hounds
  8 orc priests
  An iguana (D:7)
  Ijyb (D:2)
  4 orc wizards
  A worker ant (D:4)
  A hound zombie (D:5)
  A hound skeleton (D:5)
  A worker ant zombie (D:5)
  7 gnolls
  8 adders
  An ooze (D:3)
  An adder skeleton (D:4)
  An adder zombie (D:6)
  3 worms
  3 dart slugs
  6 leopard geckos
  31 orcs
  5 giant cockroaches
  7 goblins
  8 hobgoblins
  6 jackals
  12 kobolds
  A quokka (D:4)
  5 ball pythons
  9 bats
  10 frilled lizards
  A jackal skeleton (D:4)
  A leopard gecko skeleton (D:6)
  11 rats
183 creatures vanquished.

Vanquished Creatures (others)
  A goblin (D:3)
  A kobold (D:3)
2 creatures vanquished.

Grand Total: 185 creatures vanquished

Notes
Turn   | Place    | Note
-------+----------+-------------------------------------------
     0 | D:1      | tboon the Formicid Fighter began the quest for the Orb.
     0 | D:1      | Reached XP level 1. HP: 18/18 MP: 1/1
   395 | D:1      | Reached XP level 2. HP: 24/24 MP: 2/2
   656 | D:2      | Noticed Ijyb
   670 | D:2      | Killed Ijyb
   670 | D:2      | Reached skill level 3 in Axes
   670 | D:2      | Reached XP level 3. HP: 27/30 MP: 3/3
   886 | D:2      | Reached XP level 4. HP: 37/37 MP: 4/4
  1160 | D:2      | Found a glowing silver altar of Zin.
  1393 | D:2      | Found a shimmering altar of Xom.
  1685 | D:3      | Noticed Sigmund
  1691 | D:3      | Killed Sigmund
  1691 | D:3      | Reached skill level 4 in Fighting
  1691 | D:3      | Reached skill level 5 in Axes
  1691 | D:3      | Reached XP level 5. HP: 30/43 MP: 5/5
  1691 | D:3      | Reached XP level 6. HP: 34/49 MP: 6/6
  1995 | D:3      | Reached skill level 5 in Fighting
  2107 | D:3      | Found a radiant altar of Vehumet.
  2648 | D:3      | Reached XP level 7. HP: 56/56 MP: 7/7
  2769 | D:3      | Reached skill level 6 in Axes
  2897 | D:3      | Noticed a two-headed ogre
  2908 | D:3      | Killed a two-headed ogre
  3084 | D:4      | Reached skill level 6 in Fighting
  3084 | D:4      | Reached skill level 7 in Axes
  3084 | D:4      | Reached XP level 8. HP: 64/64 MP: 8/8
  3175 | D:4      | Found Kupleukh's Magic Scroll Shoppe.
  3192 | D:4      | Bought a scroll of identify for 24 gold pieces
  3192 | D:4      | Bought a scroll of identify for 24 gold pieces
  3192 | D:4      | Bought a scroll of identify for 24 gold pieces
  3192 | D:4      | Bought a scroll of identify for 24 gold pieces
  4360 | D:5      | Entered Level 5 of the Dungeon
  4374 | D:5      | Reached skill level 8 in Axes
  4773 | D:5      | Reached skill level 7 in Fighting
  5188 | D:5      | Reached XP level 9. HP: 34/72 MP: 9/9
  5352 | D:5      | Reached skill level 9 in Axes
  5873 | D:6      | Reached skill level 10 in Axes
  5984 | D:6      | Reached skill level 8 in Fighting
  6528 | D:6      | Found an iron altar of Okawaru.
  6536 | D:6      | Became a worshipper of Warmaster Okawaru
  6778 | D:7      | Reached skill level 4 in Shields
  6964 | D:7      | Found a staircase to the Ecumenical Temple.
  7104 | D:7      | Noticed AdamTaurus's ghost (novice GrCK)
  7128 | D:7      | Killed AdamTaurus's ghost
  7128 | D:7      | Reached * piety under Okawaru
  7128 | D:7      | Reached skill level 5 in Shields
  7128 | D:7      | Reached XP level 10. HP: 58/82 MP: 10/10
  7301 | D:7      | Reached skill level 11 in Axes
  7387 | D:7      | Noticed a brown ugly thing
  7396 | D:7      | HP: 17/82 [acid (6)]
  7400 | D:7      | HP: 7/82 [brown ugly thing (11)]
  7400 | D:7      | Splashed by a brown ugly thing's acid

Vault maps used:
D:1:      minmay_arrival_five_plusses, minivault_11, minmay_misc_feat_alley,
          minmay_crystal_water
D:2:      nicolae_overflow_crystal_walls, marbit_many_paths,
          kennysheep_nondescript, uniq_iyjb
D:3:      fiery_altar_vehumet, serial_glass, glass_columns_a, glass_columns_b,
          first_bread, bh_chokoban, minmay_divided_ellipse, uniq_sigmund
D:4:      serial_shops, nicolae_shop_crystal
D:6:      kennysheep_okawaru_gauntlet, kennysheep_generic_room_3

Skill      XL: |  1  2  3  4  5  6  7  8  9 10 |
---------------+-------------------------------+-----
Axes           | 3 5 7 8 10 11 | 11.0
Fighting       | 4 5 6 7 8 |  8.8
Shields        | 5 |  5.4
Armour         | |  3.2

Action                   |  1- 3 |  4- 6 |  7- 9 | 10-12 || total
-------------------------+-------+-------+-------+-------++-------
Melee: War axe           |    50 |   149 |   244 |       ||   443
       Battleaxe         |       |       |    72 |    26 ||    98
  Use: Scroll            |       |     4 |    16 |       ||    20
       Potion            |       |     1 |       |       ||     1
  Eat: Chunk             |       |     6 |     7 |     1 ||    14
       Bread ration      |       |       |     1 |       ||     1
       Pizza             |       |       |     1 |       ||     1
       Beef jerky        |       |       |     1 |       ||     1
Armor: Chain mail        |    23 |    76 |   135 |     7 ||   241
Dodge: Dodged            |     6 |    37 |    75 |     4 ||   122
Block: Shield            |    30 |    71 |   165 |    16 ||   282

Vault maps used:
D:1:      minmay_arrival_five_plusses, minivault_11, minmay_misc_feat_alley,
          minmay_crystal_water
D:2:      nicolae_overflow_crystal_walls, marbit_many_paths,
          kennysheep_nondescript, uniq_iyjb
D:3:      fiery_altar_vehumet, serial_glass, glass_columns_a, glass_columns_b,
          first_bread, bh_chokoban, minmay_divided_ellipse, uniq_sigmund
D:4:      serial_shops, nicolae_shop_crystal
D:6:      kennysheep_okawaru_gauntlet, kennysheep_generic_room_3

Table legend:
 A = Turns spent in this place as a percentage of turns spent in the entire game.
 B = Non-inter-level travel turns spent in this place as a percentage of non-inter-level travel turns spent in the entire game.
 C = Inter-level travel turns spent in this place as a percentage of turns spent in this place.
 D = Turns resting spent in this place as a percentage of non-inter-level travel turns spent in this place.
 E = Turns spent auto-exploring this place as a percentage of non-inter-level travel turns spent in this place.
 F = Non-inter-level travel turns spent in this place divided by the number of levels of this place that you've seen.
                   A       B       C       D       E      F
               +-------+-------+-------+-------+-------+----------------------
         Total | 100.0 | 100.0 |   0.5 |   4.3 |  13.8 | 220.3
       Dungeon | 100.0 | 100.0 |   0.5 |   4.3 |  13.8 | 220.3
               +-------+-------+-------+-------+-------+----------------------

Table legend:
 A = Kills in this place as a percentage of kills in entire the game.
 B = Kills by you in this place as a percentage of kills by you in the entire game.
 C = Kills by friends in this place as a percentage of kills by friends in the entire game.
 D = Other kills in this place as a percentage of other kills in the entire game.
 E = Experience gained in this place as a percentage of experience gained in the entire game.
 F = Experience gained in this place divided by the number of levels of this place that you have seen.
                   A       B       C       D       E      F
               +-------+-------+-------+-------+-------+----------------------
         Total | 100.0 | 100.0 |  -nan |  -nan | 100.0 | 661.6
       Dungeon | 100.0 | 100.0 |  -nan |  -nan | 100.0 | 661.6
               +-------+-------+-------+-------+-------+----------------------
